 Dungeon Crawl Stone Soup version 0.29.0-4-gdea44cf6ec (webtiles) character file.

Game seed: 18126433351270208421

2 qw the Sneak (level 1, -19/14 HPs)
             Began as a Gargoyle Delver on Sept 10, 2022.
             Demolished by an ogre
             ... wielding a +0 giant club
              (25 damage)
             ... on level 4 of the Dungeon.
             The game lasted 00:00:03 (60 turns).

qw the Sneak (Gargoyle Delver)                        Turns: 60, Time: 00:00:03

Health: -19/14     AC: 11    Str: 15    XL:     1   Next: 40%
Magic:  1/1        EV: 10    Int: 12    God:
Gold:   0          SH:  0    Dex: 11    Spells: 0/0 levels left

rFire   . . .      SeeInvis +   a - +0 hand axe
rCold   . . .      Faith    .   (no shield)
rNeg    + . .      Spirit   .   h - +4 ring mail "Picule Fere" {Drain Int+2 SInv}
rPois   inf        Reflect  .   (no helmet)
rElec   +          Harm     .   (no cloak)
rCorr   .          Rampage  .   (no gloves)
Will    .....                   (no boots)
Stlth   ++........              (no amulet)
HPRegen 0.04/turn               (no ring)
MPRegen 0.07/turn               (no ring)

@: no status effects
A: sickness immunity, AC +2, negative energy resistance 1, electricity
resistance, torment resistance 1, petrification resistance
a: no special abilities


You were on level 4 of the Dungeon.
You visited 1 branch of the dungeon, and saw 2 of its levels.


Innate Abilities, Weirdness & Mutations

You are immune to sickness and miasma.
Your stone body is resilient. (AC +2)
You are immune to poison.
You resist negative energy. (rN+)
You are resistant to electric shocks. (rElec)
You are resistant to unholy torment.
You are immune to petrification.


   Skills:
 - Level 3.2 Fighting
 + Level 2.0 Axes
 - Level 1.5 Dodging
 - Level 5.4 Stealth


You couldn't memorise any spells.
You didn't know any spells.
Your spell library was empty.

Inventory:

Hand Weapons
 a - a +0 hand axe (weapon)
Armour
 h - the +4 ring mail "Picule Fere" (worn) {Drain Int+2 SInv}
   (You found it on level 5 of the Dungeon)

   Int:       It affects your intelligence (+2).
   SInv:      It lets you see invisible.
   Drain:     It drains your maximum health when unequipped.
Wands
 g - a wand of digging (3)
Potions
 f - a potion of haste

Dungeon Overview and Level Annotations

Branches:
Dungeon (5/15)
 Temple: D:4-7

Altars:


Message History

You hit the jackal.
The jackal is severely wounded.
The jackal barely misses you.
The howler monkey hoots and howls with incredible vigour!
You hear a shout!
You hear a bark!
You hear a shout!
You hear an angry hiss. x2
You barely miss the jackal.
The jackal is severely wounded.
The jackal bites you but does no damage.
An ogre comes into view. It is wielding a +0 giant club.
The jackal barely misses you.
You closely miss the jackal. Your punch misses the jackal.
The jackal is severely wounded.
The jackal bites you but does no damage. x2
You hit the jackal.
You kill the jackal!
The howler monkey hits you.
Your Axes skill increases to level 2!
You hit the howler monkey.
The howler monkey is lightly wounded.
The howler monkey hoots and howls with incredible vigour!
You hear an angry hiss. x2; You hear a shout!
You barely miss the howler monkey.
The howler monkey is lightly wounded.
The howler monkey hits you.
The howler monkey hoots and howls with incredible vigour!
You hit the howler monkey.
The howler monkey is moderately wounded.
The howler monkey barely misses you.
You barely miss the howler monkey.
The howler monkey is moderately wounded.
You hit the ogre but do no damage. The howler monkey closely misses you.
The ogre misses you. The howler monkey closely misses you.
You closely miss the howler monkey.
The howler monkey is moderately wounded.
You hit the ogre but do no damage.
The howler monkey hits you but does no damage.
The ogre hits you with a +0 giant club!!
Ouch! That really hurt!
You die...

#........# ..
#....#.#.# ..
###........# ..
......#.#.# #g
#........# #h
#....[.>.# #h
###........#
####.#h####..........#
.......@....#........#
.^.....O##############
......... ..........
...........
............
.............
........#.....


You could see an ogre, a howler monkey, 2 jackals and a hobgoblin.

Vanquished Creatures
  2 jackals (D:4)
2 creatures vanquished.

Notes
Turn   | Place    | Note
-------+----------+-------------------------------------------
     0 | D:5      | qw the Gargoyle Delver began the quest for the Orb.
     0 | D:5      | Reached XP level 1. HP: 14/14 MP: 1/1
     0 | D:5      | 0 ||| qw: Version: 0.1-a-116-g5d60599
     0 | D:5      | 0 ||| qw: Game counter: 7953
     0 | D:5      | 0 ||| qw: Always use a shield: true
     0 | D:5      | 0 ||| qw: God list: Okawaru
     0 | D:5      | 0 ||| qw: Allow faded altars: false
     0 | D:5      | 0 ||| qw: Do Orc after D:15 true
     0 | D:5      | 0 ||| qw: Do second Lair branch before Depths: true
     0 | D:5      | 0 ||| qw: Lair rune preference: random
     0 | D:5      | 0 ||| qw: Plans: Normal
     0 | D:5      | 0 ||| PLANNING D:1-11
     2 | D:5      | Identified the +4 ring mail "Picule Fere" {Drain Int+2
                  | SInv}
     9 | D:5      | 9 ||| UPGRADING to +4 ring mail "Picule Fere" {Drain Int+2
                  | SInv}.
    19 | D:5      | 19 ||| DROPPING +0 leather armour.
    20 | D:5      | 20 ||| DROPPING scroll of fog.
    21 | D:5      | 21 ||| DROPPING scroll of magic mapping.
    22 | D:5      | 22 ||| DROPPING scroll of fear.
    48 | D:4      | 48 ||| Stepping ~*~*~tactically~*~*~ (stealth).
    49 | D:4      | Noticed a howler monkey
    53 | D:4      | Noticed an ogre
    60 | D:4      | Demolished by an ogre

Levels and vault maps discovered:
D:4:      layout_rooms, kennysheep_little_box,
          mainiacjoe_overflow_catwalk_spiral, serial_glass, glass_columns_a,
          glass_columns_a, glass_columns_a, glass_columns_b, uniq_natasha,
          uniq_sigmund
D:5:      layout_gridville, old_standard_altar

Skill      XL: |  1 |
---------------+----+-----
Axes           | 2 |  2.0
Fighting       | |  3.2
Dodging        | |  1.5
Stealth        | |  5.4

Action                   || total
-------------------------++-------
Melee: Hand axe          ||    10
Armor: Ring mail         ||     5
Dodge: Dodged            ||     6

Table legend:
 A = Non-vault XP
 B = Vault XP
 C = Vault XP percentage of total XP
 D = Non-vault monster count
 E = Vault monster count
 F = Vault count percentage of total count
                 A         B        C        D         E       F
            +---------+---------+-------+---------+---------+-------
      Total |       4 |       0 |   0.0 |       2 |       0 |   0.0
            +---------+---------+-------+---------+---------+-------
        D:4 |       4 |       0 |   0.0 |       2 |       0 |   0.0
            +---------+---------+-------+---------+---------+-------
